 Dungeon Crawl Stone Soup version 0.27.1-4-g1640c2035a (webtiles) character file.

Game seed: 11926025553721676531

1071 Descartes the Conjurer (level 8, -4/41 HPs)
             Began as a Deep Elf Conjurer on Nov 17, 2021.
             Killed from afar by Dowan (10 damage)
             ... with a shard of ice
             ... on level 5 of the Dungeon.
             The game lasted 00:20:57 (6395 turns).

Descartes the Conjurer (Deep Elf Conjurer)          Turns: 6395, Time: 00:20:59

Health: -4/41      AC:  6    Str:  6    XL:     8   Next: 7%
Magic:  3/14       EV: 12    Int: 24    God:
Gold:   126        SH:  0    Dex: 13    Spells: 2/13 levels left

rFire    . . .     SeeInvis .   t - +2 short sword (drain)
rCold    . . .     Faith    .   (no shield)
rNeg     . . .     Spirit   .   u - +0 leather armour
rPois    .         Reflect  .   z - +1 helmet
rElec    .         Harm     .   h - scarf {shadows}
rCorr    .         Rampage  .   p - +0 pair of gloves
Will     .....                  (no boots)
Stlth    ++........             (no amulet)
HPRegen  0.13/turn              (no ring)
MPRegen  0.14/turn              (no ring)

@: no status effects
A: no striking features
a: no special abilities


You were on level 5 of the Dungeon.
You visited 1 branch of the dungeon, and saw 5 of its levels.

You collected 126 gold pieces.

Inventory:

Hand Weapons
 t - a +2 short sword of draining (weapon)
 y - a +4 hunting sling
Missiles
 b - 31 arrows
 c - 171 stones
 n - 33 poisoned darts
Armour
 h - a scarf of shadows (worn)
 p - a +0 pair of gloves (worn)
 u - a +0 leather armour (worn)
 z - a +1 helmet (worn)
Scrolls
 d - a scroll of immolation
 e - 3 scrolls of noise {unknown}
 f - 2 scrolls of holy word
 i - 3 scrolls of fear {unknown}
 j - a scroll of torment {unknown}
 l - 2 scrolls of teleportation {unknown}
 m - a scroll of magic mapping {unknown}
 o - 2 scrolls of amnesia {unknown}
 q - 2 scrolls of blinking {unknown}
 r - 2 scrolls of summoning {unknown}
 v - a scroll of brand weapon {unknown}
 A - a scroll of identify
 B - a scroll of fog {unknown}
Potions
 a - a potion of curing
 g - a potion of berserk rage {unknown}
 k - 2 potions of might
 s - a potion of heal wounds
 w - 2 potions of haste
 x - a potion of lignification


   Skills:
 + Level 4.2 Dodging
 - Level 2.4 Stealth
 - Level 3.0 Spellcasting
 - Level 7.0 Conjurations
 + Level 2.4 Translocations
 - Level 5.0 Air Magic
 - Level 5.0 Earth Magic


You had 2 spell levels left.
You knew the following spells:

 Your Spells              Type           Power      Damage    Failure   Level
a - Magic Dart            Conj           100%       1d8       1%          1
b - Shock                 Conj/Air       100%       1d9       1%          1
c - Summon Small Mammal   Summ           12%        N/A       17%         1
d - Sandblast             Erth           54%        2d13      2%          1
e - Searing Ray           Conj           74%        3d6       1%          2
f - Dazzling Flash        Conj/Hex       40%        N/A       12%         3
g - Blink                 Tloc           N/A        N/A       10%         2

Your spell library contained the following spells:

 Spells                   Type           Power      Damage    Failure   Level
 Corpse Rot               Necr/Air       N/A        N/A       9%          2
 Poisonous Vapours        Pois/Air       30%        N/A       9%          2
 Iskenderun's Mystic Bla  Conj/Tloc      26%        2d7       24%         4
 Fulminant Prism          Conj/Hex       10%        3d9       36%         4
 Call Canine Familiar     Summ           3%         N/A       45%         3
 Summon Guardian Golem    Hex/Summ       3%         N/A       45%         3
 Freezing Cloud           Conj/Ice/Air   11%        6-21      65%         5
 Manifold Assault         Tloc           15%        N/A       86%         5
 Storm Form               Tmut/Air       7%         N/A       100%        7


Dungeon Overview and Level Annotations

Branches:
Dungeon (5/15)
 Temple: D:4-7

Altars:
Uskayaw

Shops:
D:1 *   D:2 [

Annotations:
D:2 exclusion: door, Sigmund
D:5 Dowan


Message History

The puff of frost hits you!
Casting: Searing Ray (safe; 1% risk of failure)
Confirm with . or Enter, or press ? or * to list all spells.
Aiming: Searing Ray (safe; 1% risk of failure)
Press: ? - help, Shift-Dir - straight line, f/p - Duvessa
Aim: Duvessa, wielding a +0 short sword and wearing a +0 scale mail (severely wounded, fast, 86% to hit)
The searing ray hits Duvessa.
Duvessa is severely wounded. (Press . to maintain the ray.) Duvessa hits you but does no damage.
The searing ray hits Duvessa but does no damage.
Duvessa is severely wounded.
Duvessa closely misses you. Duvessa hits you with a +0 short sword!
The searing ray hits Duvessa.
Duvessa is almost dead.
Duvessa closely misses you.
Dowan points at you and mumbles some strange words.
You easily resist.
The searing ray hits Duvessa.
Duvessa is almost dead.
You finish channeling your searing ray.
Duvessa hits you but does no damage. Duvessa hits you with a +0 short sword.
Duvessa hits you with a +0 short sword. Duvessa hits you with a +0 short sword!
* * * LOW HITPOINT WARNING * * *
Casting: Searing Ray (safe; 1% risk of failure)
Confirm with . or Enter, or press ? or * to list all spells.
Aiming: Searing Ray (safe; 1% risk of failure)
Press: ? - help, Shift-Dir - straight line, f/p - Duvessa
Aim: Duvessa, wielding a +0 short sword and wearing a +0 scale mail (almost dead, fast, 86% to hit)
The searing ray hits Duvessa.
You kill Duvessa!
Dowan's eyes darken. "You have made a black mistake."
Dowan seems to find hidden reserves of power!
The searing ray hits Dowan.
Dowan is moderately wounded. (Press . to maintain the ray.) Dowan gestures at you while chanting.
The shard of ice hits you!
You die...

########### #....<....#
#.#######.######### #.#
#@#........ #.#
#####)#.##..... #.#
#....e.....# #.#
#.###.#.#..# #.# #.#
#)#.#..###.#. #.# #.#
#.#.#........ #)# #.#
#.#.##....... #.#
#.###.#.##......
#)###.#.....##...#.#...


You could see Dowan (fast).

Vanquished Creatures
  Duvessa (D:5)
  2 black bears
  An ogre (D:4)
  A phantom (D:4)
  A bullfrog (D:4)
  A bullfrog zombie (D:5)
  A jelly (D:5)
  A centaur zombie (D:5)
  An orc priest (D:3)
  A centaur skeleton (D:4)
  Jessica (D:2)
  Natasha (twice) (D:3)
  3 iguanas
  5 orc wizards
  Robin (D:4)
  7 adders
  An adder skeleton (D:4)
  A dart slug (D:4)
  29 orcs
  6 bats
  9 endoplasms
  4 giant cockroaches
  9 hobgoblins
  3 jackals (D:4)
  5 kobolds
  3 quokkas
  7 ball pythons
  5 frilled lizards
  20 goblins
  A jackal skeleton (D:4)
  5 rats
138 creatures vanquished.

Notes
Turn   | Place    | Note
-------+----------+-------------------------------------------
     0 | D:1      | Descartes the Deep Elf Conjurer began the quest for the
                  | Orb.
     0 | D:1      | Reached XP level 1. HP: 10/10 MP: 6/6
   137 | D:1      | Learned a level 1 spell: Summon Small Mammal
   150 | D:1      | Found Usamoco's General Store.
   230 | D:1      | Found a faded altar of an unknown god.
   241 | D:1      | Reached XP level 2. HP: 15/15 MP: 5/8
   265 | D:1      | Reached skill level 5 in Conjurations
   537 | D:1      | Got Mummidd's Introduction to the Arcane Arts
   540 | D:1      | Learned a level 1 spell: Shock
   542 | D:1      | Learned a level 1 spell: Sandblast
  1002 | D:2      | Noticed Sigmund
  1036 | D:2      | Reached XP level 3. HP: 19/19 MP: 6/9
  1233 | D:2      | Reached skill level 1 in Earth Magic
  1372 | D:2      | Learned a level 2 spell: Searing Ray
  1456 | D:2      | Noticed Jessica
  1458 | D:2      | Killed Jessica
  1459 | D:2      | Reached skill level 1 in Air Magic
  1459 | D:2      | Reached XP level 4. HP: 24/24 MP: 7/10
  1500 | D:2      | Found Comip's Armour Shoppe.
  2499 | D:3      | Reached XP level 5. HP: 28/28 MP: 7/11
  2744 | D:3      | Reached skill level 6 in Conjurations
  3050 | D:3      | Noticed Natasha
  3060 | D:3      | Killed Natasha
  3269 | D:3      | Reached XP level 6. HP: 32/32 MP: 9/12
  4377 | D:4      | Found a hide-covered altar of Uskayaw.
  4435 | D:4      | Reached XP level 7. HP: 27/36 MP: 4/13
  4545 | D:3      | Noticed Natasha
  4550 | D:3      | Killed Natasha
  4551 | D:3      | Reached skill level 7 in Conjurations
  5126 | D:4      | Reached skill level 5 in Air Magic
  5126 | D:4      | Reached skill level 5 in Earth Magic
  5130 | D:4      | Learned a level 3 spell: Dazzling Flash
  5133 | D:4      | Learned a level 2 spell: Blink
  5608 | D:4      | Noticed Robin
  5617 | D:4      | Killed Robin
  5927 | D:5      | Entered Level 5 of the Dungeon
  5957 | D:5      | Reached skill level 1 in Translocations
  6110 | D:5      | Reached XP level 8. HP: 21/41 MP: 4/14
  6369 | D:5      | Noticed Dowan
  6370 | D:5      | Noticed Duvessa
  6395 | D:5      | Killed Duvessa
  6395 | D:5      | Killed from afar by Dowan

Illustrated notes

Levels and vault maps discovered:
D:1:      shiori_arrival_maze, layout_basic, hellmonk_ecumenical_altar_blasted,
          serial_shops, nicolae_shop_statue_plus, minmay_pentomino_t4
D:2:      layout_basic, serial_shops, nicolae_shop_behind_doors,
          minmay_misc_feat_ornament, uniq_sigmund, uniq_jessica
D:3:      layout_basic, uniq_natasha
D:4:      kennysheep_goblin_castle, layout_loops_ring,
          lemuel_coloured_pillars_altar
D:5:      layout_loops_ring, lightli_sewer_entry_pipes, serial_shops,
          nicolae_shop_crystal, uniq_duvessa, uniq_menkaure

Skill      XL: |  1  2  3  4  5  6  7  8 |
---------------+-------------------------+-----
Conjurations   | 5 6 7 |  7.0
Earth Magic    | 1 2 3 4 5 |  5.0
Air Magic      | 1 2 3 5 |  5.0
Dodging        | 3 4 |  4.2
Translocations | 2 |  2.4
Stealth        | |  2.4
Spellcasting   | |  3.0

Action                   |  1- 3 |  4- 6 |  7- 9 || total
-------------------------+-------+-------+-------++-------
Melee: Dagger            |       |     5 |       ||     5
       Short sword       |       |     4 |       ||     4
 Cast: Magic Dart        |    50 |   138 |    76 ||   264
       Shock             |     4 |    17 |     8 ||    29
       Summon Small Mamm |     2 |     2 |       ||     4
       Searing Ray       |       |     4 |    11 ||    15
  Use: Scroll            |       |     1 |     4 ||     5
Armor: Robe              |     2 |     1 |       ||     3
       Leather armour    |       |     6 |    25 ||    31
Dodge: Dodged            |     2 |    29 |    33 ||    64
